 Dungeon Crawl Stone Soup version 0.26-a0-667-g92642533e4 (webtiles) character file.

Game seed: 13165779547402305831

101 miscthings the Cutter (level 5, -1/48 HPs)
             Began as a Kobold Berserker on Oct 17, 2020.
             Was a Believer of Trog.
             Slain by an orc
             ... wielding a +0 trident
              (4 damage)
             ... on level 3 of the Dungeon.
             The game lasted 00:01:37 (1457 turns).

miscthings the Cutter (Kobold Berserker)            Turns: 1457, Time: 00:01:38

Health: -1/48      AC:  2    Str: 14    XL:     5   Next: 4%
Magic:  5/5        EV: 15    Int: 16    God:    Trog [**....]
Gold:   98         SH:  0    Dex: 14    Spells: 4/4 levels left

rFire    . . .     SeeInvis .   c - +0 whip (elec)
rCold    . . .     Faith    .   (shield restricted)
rNeg     . . .     Spirit   .   b - +0 animal skin
rPois    .         Reflect  .   (no helmet)
rElec    .         Harm     .   (no cloak)
rCorr    .         Rampage  .   (no gloves)
MR       .....                  (no boots)
Stlth    ..........             (no amulet)
HPRegen  0.16/turn              g - +6 ring of intelligence
MPRegen  0.09/turn              (no ring)

@: berserking (expiring), very quick
A: small, nightstalker 3
a: Berserk, Trog's Hand, Renounce Religion


You were on level 3 of the Dungeon.
You worshipped Trog.
Trog was pleased with you.
You visited 1 branch of the dungeon, and saw 3 of its levels.

You collected 98 gold pieces.

Inventory:

Hand Weapons
 a - a +0 short sword
 c - a +0 whip of electrocution (weapon)
Armour
 b - a +0 animal skin (worn)
Jewellery
 g - a +6 ring of intelligence (left hand)
Scrolls
 d - a scroll of noise {unknown}
 f - a scroll of fear {unknown}
 h - a scroll of immolation {unknown}
 i - a scroll of amnesia {unknown}
 l - 3 scrolls of remove curse {unknown}
 n - a scroll of identify {unknown}
Potions
 e - 2 potions of flight {unknown}
 j - a potion of degeneration {unknown}
 k - 2 potions of lignification {unknown}
 m - 2 potions of might {unknown}


   Skills:
 - Level 3.2 Fighting
 - Level 4.1 Short Blades
 + Level 3.7 Maces & Flails
 - Level 1.5 Armour
 - Level 2.4 Dodging


You had 4 spell levels left.
You didn't know any spells.
Your spell library was empty.

Dungeon Overview and Level Annotations

Branches:
Dungeon (3/15)

Altars:


Innate Abilities, Weirdness & Mutations

You are small and have problems with some larger weapons.
You are completely attuned to the shadows.


Message History

You have reached level 5!
You feel clever.
You hit the orc.
The orc is heavily wounded.
The orc misses you. The orc hits you with a +0 dagger.
* * * LOW HITPOINT WARNING * * *
The orc hits you from afar with a +0 trident.
* * * LOW HITPOINT WARNING * * *
You hit the orc.
The orc is moderately wounded.
The orc barely misses you. x2
You whack the orc!
You kill the orc!
Trog accepts your kill. The orc misses you.
You hit the orc. Lightning courses through the orc!
You kill the orc!
Trog accepts your kill. The orc hits you with a +0 trident.
You die...

..#.# .#
...(.#.#.#..#
......#.#.#..#
.......#.#.##.####
.......#.#........
..............#######
.......#........)....
....)..####....)@o...
...†<†.# ###.#####..
<.....)# #.. ##.#####
## #. #


You could see an orc.

Vanquished Creatures
  An orc wizard (D:3)
  3 adders (D:2)
  An ooze (D:1)
  3 leopard geckos
  3 orcs (D:3)
  A giant cockroach (D:1)
  5 goblins
  3 hobgoblins
  5 kobolds
  4 bats
  2 frilled lizards (D:1)
  7 rats
38 creatures vanquished.

Notes
Turn   | Place    | Note
-------+----------+-------------------------------------------
     0 | D:1      | miscthings the Kobold Berserker began the quest for the
                  | Orb.
     0 | D:1      | Reached XP level 1. HP: 14/14 MP: 1/1
   170 | D:1      | Reached skill level 1 in Maces & Flails
   182 | D:1      | Reached XP level 2. HP: 18/19 MP: 2/2
   283 | D:1      | Reached XP level 3. HP: 18/23 MP: 3/3
   783 | D:2      | Reached ** piety under Trog
  1019 | D:2      | Reached XP level 4. HP: 28/28 MP: 4/4
  1452 | D:3      | Reached XP level 5. HP: 11/32 MP: 5/5
  1457 | D:3      | Slain by an orc

Illustrated notes

Levels and vault maps discovered:
D:1:      dpeg_arrival_rooms_c, layout_loops_ring, minmay_hexomino_u4
D:2:      layout_rooms, minmay_tall_x
D:3:      layout_loops_ring, gammafunk_temple_overflow_arena, uniq_robin

Skill      XL: |  1  2  3 |
---------------+----------+-----
Maces & Flails | 1 2 3 |  3.7
Fighting       | |  3.2
Short Blades   | |  4.1
Armour         | |  1.5
Dodging        | |  2.4

Action                   |  1- 3 |  4- 6 || total
-------------------------+-------+-------++-------
Melee: Whip              |    65 |    43 ||   108
       Short sword       |     6 |       ||     6
Invok: Berserk           |     1 |     1 ||     2
 Stab: Sleeping          |     3 |     2 ||     5
Armor: Animal skin       |     8 |     4 ||    12
Dodge: Dodged            |    58 |    43 ||   101

Table legend: (Time is in decaauts)
 A = Elapsed time spent in this place.
 B = Non-inter-level travel time spent in this place.
 C = Inter-level travel time spent in this place.
 D = Time resting spent in this place.
 E = Time spent auto-exploring this place.
 F = Levels seen in this place.
 G = Mean time per level.
                   A        B        C        D        E       F      G
               +--------+--------+--------+--------+--------+-----+--------+
         Total |   1460 |   1443 |     17 |    238 |    976 |   3 |  486.7 |
       Dungeon |   1460 |   1443 |     17 |    238 |    976 |   3 |  486.7 |
               +--------+--------+--------+--------+--------+-----+--------+

Top non-repeatable levels by time:
     D:2: 725 daAuts
     D:1: 693 daAuts
     D:3: 42 daAuts
